 Dungeon Crawl Stone Soup version 0.29.1-15-g9cfb28693d (webtiles) character file.

Game seed: 10307634746682261635

3312 EarthwalkerPL the Fighter (level 9, -1/85 HPs)
             Began as a Minotaur Fighter on Mar 31, 2023.
             Slain by a hornet (3 damage)
             ... while paralysed by a hornet
             ... on level 8 of the Dungeon.
             The game lasted 00:08:56 (7997 turns).

EarthwalkerPL the Fighter (Minotaur Fighter)        Turns: 7997, Time: 00:08:57

Health: -1/85      AC: 10    Str: 25    XL:     9   Next: 70%
Magic:  8/8        EV:  2    Int:  5    God:
Gold:   423        SH:  0    Dex: 16    Spells: 8/8 levels left

rFire   . . .      SeeInvis .   I - +1 war axe
rCold   . . .      Faith    .   c - +0 buckler
rNeg    . . .      Spirit   .   b - +0 scale mail
rPois   .          Reflect  .   (helmet restricted)
rElec   .          Harm     .   z - +0 cloak
rCorr   +          Rampage  .   (no gloves)
Will    .....                   (no boots)
Stlth   ..........              n - amulet of the acrobat
HPRegen 0.24/turn               l - +6 ring of dexterity
MPRegen 0.11/turn               F - ring of resist corrosion

@: paralysed, lethally poisoned (-1 -> -8), slowed
A: horns 2, retaliatory headbutt
a: no special abilities


You were on level 8 of the Dungeon.
You visited 2 branches of the dungeon, and saw 9 of its levels.

You collected 423 gold pieces.

Inventory:

Hand Weapons
 a - a +0 war axe
 y - the +7 Throatcutter {drain, coup de grace}
   (You took it off a hobgoblin on level 4 of the Dungeon)

   A truly terrible weapon, it drains the life of any living foe it strikes.
   It may instantly kill foes which have little health.
 I - a +1 war axe (weapon)
Missiles
 k - 15 poisoned darts (quivered)
 x - 3 boomerangs
 B - 5 javelins
 H - 5 curare-tipped darts
Armour
 b - a +0 scale mail (worn)
 c - a +0 buckler (worn)
 i - a +0 plate armour
 z - a +0 cloak (worn)
Jewellery
 l - a +6 ring of dexterity (left hand)
 n - an amulet of the acrobat (around neck)
 t - a +6 ring of dexterity
 F - a ring of resist corrosion (right hand)
Wands
 o - a wand of flame (35)
 s - a wand of mindburst (9)
 J - a wand of acid (21)
Scrolls
 e - 2 scrolls of poison {unknown}
 f - 4 scrolls of identify {unknown}
 g - 5 scrolls of teleportation {unknown}
 j - 3 scrolls of fear {unknown}
 p - a scroll of torment {unknown}
 A - a scroll of brand weapon {unknown}
 C - a scroll of acquirement {unknown}
 D - a scroll of butterflies {unknown}
 E - 2 scrolls of immolation {unknown}
Potions
 d - a potion of might
 h - 4 potions of heal wounds {unknown}
 m - 2 potions of ambrosia {unknown}
 q - a potion of magic {unknown}
 r - 6 potions of curing
 u - 2 potions of resistance {unknown}
 v - 4 potions of flight {unknown}
 w - a potion of mutation {unknown}
 G - 2 potions of haste {unknown}
 K - a potion of brilliance {unknown}


   Skills:
 * Level 9.7 Fighting
 * Level 9.1 Axes
 * Level 9.6 Armour
 + Level 7.1 Shields


You had 8 spell levels left.
You didn't know any spells.
Your spell library was empty.

Dungeon Overview and Level Annotations

Branches:
Dungeon (8/15)             Temple (1/1) D:4
   Lair: D:8-11

Altars:
Ashenzari
Dithmenos
Elyvilon
Fedhas
Hepliaklqana
Kikubaaqudgha
Nemelex Xobeh
Qazlal
Ru
Sif Muna
Uskayaw
Vehumet
Wu Jian
Xom
Yredelemnul
Zin
The Shining One

Shops:
D:6 ==:[   D:7 *

Annotations:
D:4 3 runed translucent doors, engelados's ghost, amateur DECj


Innate Abilities, Weirdness & Mutations

You have a pair of horns on your head.
You reflexively headbutt those who attack you in melee.


Message History

You slash the hornet! You headbutt the hornet!
The hornet is severely wounded.
You hit the gnoll.
You feel very sick.
The gnoll is no longer moving quickly.
The hornet stings you.
* * * LOW HITPOINT WARNING * * *
You are lethally poisoned!
You feel yourself slow down. The gnoll hits you with a +0 flail.
* * * LOW HITPOINT WARNING * * *
The hornet stings you.
* * * LOW HITPOINT WARNING * * *
You are more poisoned.
You feel as though you will be slow longer.
Unknown command.
Unknown command.
Unknown command.
It was a potion of curing.
You feel better. The hornet closely misses you. You furiously retaliate!
You headbutt the hornet. The gnoll hits you with a +0 flail.
* * * LOW HITPOINT WARNING * * *
The hornet stings you.
* * * LOW HITPOINT WARNING * * *
You are lethally poisoned!
You feel as though you will be slow longer.
The gnoll barely misses you.
You feel better.
The hornet stings you but does no damage.
The hornet stings you.
* * * LOW HITPOINT WARNING * * *
You are poisoned.
You suddenly lose the ability to move!
The gnoll hits you with a +0 flail.
* * * LOW HITPOINT WARNING * * *
The hornet barely misses you.
Your attacks no longer feel as feeble.
* * * LOW HITPOINT WARNING * * *
You feel very sick. The gnoll hits you with a +0 flail.
* * * LOW HITPOINT WARNING * * *
The hornet stings you.
You die...

...?..........#
..............#
..............###
..............#..
................
................
......y)g....#
......)@.....#
##..........## ###
##.......### #.##
...........### ###..#
###.....##...###....#
##########.....##.#
##...##### #### #..##
...# ##..#


You could see a hornet and a gnoll.

Vanquished Creatures
  A kobold demonologist (D:5)
  Grinder (D:4)
  Sigmund (D:2)
  3 yaks (D:8)
  3 ice beasts
  An orc warrior (D:7)
  A sky beast (D:7)
  A black bear (D:4)
  2 centaurs
  A phantom (D:4)
  A bullfrog (D:8)
  2 necrophages (D:4)
  A scorpion (D:5)
  A gnoll sergeant (D:8)
  7 wights (D:7)
  2 howler monkeys
  3 hounds
  An orc priest (D:7)
  A jelly (D:4)
  A gnoll bouda (D:8)
  Terence (D:2)
  4 iguanas
  5 orc wizards
  Robin (D:2)
  11 gnolls
  5 adders
  2 shadow imps
  A white imp (D:5)
  An ufetubus (D:5)
  4 worms
  3 dart slugs
  20 orcs
  7 ball pythons
  13 endoplasms
  5 giant cockroaches
  18 hobgoblins
  8 jackals
  3 quokkas
  5 bats
  6 frilled lizards
  9 goblins
  7 kobolds
  8 rats
  2 toadstools (D:1)
184 creatures vanquished.

Vanquished Creatures (others)
  3 fungi (D:2)
  3 plants (D:2)
  2 toadstools (D:1)
8 creatures vanquished.

Grand Total: 192 creatures vanquished

Notes
Turn   | Place    | Note
-------+----------+-------------------------------------------
     0 | D:1      | EarthwalkerPL the Minotaur Fighter began the quest for the
                  | Orb.
     0 | D:1      | Reached XP level 1. HP: 19/19 MP: 0/0
   124 | D:1      | Reached XP level 2. HP: 15/27 MP: 1/1
   690 | D:1      | Reached XP level 3. HP: 28/33 MP: 2/2
  1053 | D:2      | Noticed Terence
  1060 | D:2      | Killed Terence
  1186 | D:2      | Reached XP level 4. HP: 34/41 MP: 3/3
  1424 | D:2      | Found a faded altar of an unknown god.
  1429 | D:2      | Noticed Sigmund
  1479 | D:2      | Killed Sigmund
  1480 | D:2      | Reached skill level 5 in Fighting
  1480 | D:2      | Reached skill level 5 in Armour
  1480 | D:2      | Reached XP level 5. HP: 26/48 MP: 4/4
  1728 | D:2      | Reached XP level 6. HP: 51/56 MP: 5/5
  2031 | D:2      | Noticed Robin
  2039 | D:2      | Killed Robin
  2841 | D:3      | Found a white marble altar of Elyvilon.
  2898 | D:3      | Found an ancient bone altar of Kikubaaqudgha.
  3217 | D:4      | Found a runed translucent gate.
  3217 | D:4      | Found a runed translucent gate.
  3217 | D:4      | Found a runed translucent gate.
  3218 | D:4      | Noticed engelados's ghost (amateur DECj)
  3375 | D:4      | Found a basalt altar of Yredelemnul.
  3392 | D:4      | Found an ornate altar of the Wu Jian Council.
  3397 | D:4      | Found a hide-covered altar of Uskayaw.
  3468 | D:4      | Noticed Grinder
  3475 | D:4      | Reached skill level 5 in Axes
  3484 | D:4      | Paralysed by Grinder for 2 turns
  3496 | D:4      | Killed Grinder
  3497 | D:4      | Reached XP level 7. HP: 35/64 MP: 6/6
  3503 | D:4      | Found a staircase to the Ecumenical Temple.
  3514 | D:4      | Reached skill level 5 in Shields
  3534 | Temple   | Entered the Ecumenical Temple
  3534 | Temple   | Found a transporter.
  3534 | Temple   | Found a transporter.
  3701 | Temple   | Found a transporter.
  3701 | Temple   | Found a transporter.
  4141 | D:5      | Entered Level 5 of the Dungeon
  4234 | D:5      | Reached XP level 8. HP: 67/73 MP: 7/7
  4503 | D:5      | Noticed a kobold demonologist
  4514 | D:5      | Killed a kobold demonologist
  5340 | D:6      | Found Diegharrea's Jewellery Shoppe.
  5342 | D:6      | Found Anaozi's Book Shoppe.
  5343 | D:6      | Found Xedghilau's Jewellery Shoppe.
  5344 | D:6      | Found Vamyzaj's Antique Armour Shoppe.
  5999 | D:6      | Found a broken altar of Ashenzari.
  6061 | D:7      | Found Liunnog's General Store.
  6286 | D:7      | Reached XP level 9. HP: 35/82 MP: 8/8
  7990 | D:8      | Paralysed by a hornet for 2 turns
  7996 | D:8      | Paralysed by a hornet for 2 turns
  7997 | D:8      | HP: 2/85 [gnoll/+0 flail[a gnoll bouda] (6)]
  7997 | D:8      | Slain by a hornet

Illustrated notes

Levels and vault maps discovered:
D:1:      ldierk_water_garden, layout_loops_ring, minmay_heptomino_h4
D:2:      layout_loops_corners, dreamdust_ecumenical_altar_grove, uniq_terence,
          uniq_robin, uniq_sigmund
D:3:      layout_basic, nicolae_kikubaaqudgha_miasma_corner,
          mainiacjoe_overflow_24_doors
D:4:      layout_rooms, mainiacjoe_overflow_cross_hatched,
          gammafunk_temple_overflow_pools, minmay_temple_entry_steel_oval,
          ebering_ghost_rock_garden, minmay_fractal_squares_diagonal_5,
          uniq_grinder
D:5:      layout_basic
D:6:      layout_loops_ring, kennysheep_mini_moat, hangedman_decor_slide_cut,
          minmay_shop_grid_forest
D:7:      layout_loops_ring, serial_shops, nicolae_stop_n_shop_2,
          hangedman_decor_diamond_cutter
D:8:      layout_layer_cave, serial_shops, nicolae_diamond_shop
Temple:   hellmonk_temple_divided_pantheon

Skill      XL: |  1  2  3  4  5  6  7  8  9 |
---------------+----------------------------+-----
Fighting       | 4 5 6 7 8 9 |  9.7
Armour         | 4 5 6 8 9 |  9.6
Axes           | 3 4 5 6 7 9 |  9.1
Shields        | 4 5 6 7 |  7.1

Action                   |  1- 3 |  4- 6 |  7- 9 || total
-------------------------+-------+-------+-------++-------
Melee: War axe           |    65 |   118 |   246 ||   429
       Headbutt          |    10 |    17 |    45 ||    72
Throw: Dart              |       |     6 |       ||     6
  Use: Potion            |       |       |     2 ||     2
Armor: Scale mail        |    22 |    35 |    83 ||   140
Dodge: Dodged            |    21 |    53 |   123 ||   197
Block: Buckler           |    12 |    28 |    67 ||   107
